 Dungeon Crawl Stone Soup version 0.30.0-29-ga12c61a403 (webtiles) character file.

Game seed: 13457927429718474723

1472 Peloso the Carver (level 8, -7/66 (68) HPs)
             Began as a Minotaur Fighter on June 25, 2023.
             Mangled by a wight
             ... wielding a +0 halberd
              (14 damage)
             ... on level 6 of the Dungeon.
             The game lasted 00:08:39 (4751 turns).

Peloso the Carver (Minotaur Fighter)                Turns: 4751, Time: 00:08:39

HP:   -7/66 (68)    AC: 10    Str: 22    XL:     8   Next: 49%
MP:   7/7           EV:  9    Int:  5    God:
Gold: 240           SH:  5    Dex: 11    Spells: 7/7 levels left

rFire   . . .        a - +3 double sword of Ziacas {heavy, rPois}
rCold   . . .        d - +0 buckler
rNeg    . . .        o - +0 chain mail
rPois   +            (helmet restricted)
rElec   .            (no cloak)
rCorr   .            (no gloves)
SInv    .            (no boots)
Will    +....        (no amulet) Stlth
                     n - ring of willpower
HPRegen 0.31/turn    (no ring)
MPRegen 0.10/turn

%: no passive effects
@: lightly drained
A: horns 2, retaliatory headbutt
a: no special abilities


You were on level 6 of the Dungeon.
You visited 2 branches of the dungeon, and saw 7 of its levels.

You collected 270 gold pieces.
You spent 30 gold pieces at shops.

Inventory:

Hand Weapons
 a - the +3 double sword of Ziacas (weapon) {heavy, rPois}
   (You acquired it on level 1 of the Dungeon)

   rPois:     It protects you from poison.
 b - a +1 whip of flaming
 c - a +0 spear of flaming
Armour
 d - a +0 buckler (worn)
 o - a +0 chain mail (worn)
 w - +0 fire dragon scales
Jewellery
 n - a ring of willpower (left hand)
 r - a ring of resist corrosion
 z - a +5 ring of evasion
 A - a ring of wizardry
Wands
 q - a wand of light (7)
Scrolls
 e - 2 scrolls of amnesia {unknown}
 f - a scroll of acquirement
 h - 4 scrolls of immolation
 j - a scroll of enchant armour {unknown}
 k - 3 scrolls of fog {unknown}
 m - a scroll of poison {unknown}
 p - 3 scrolls of teleportation {unknown}
 s - a scroll of brand weapon {unknown}
 t - a scroll of vulnerability {unknown}
 v - a scroll of blinking {unknown}
 x - a scroll of magic mapping {unknown}
 y - 4 scrolls of identify
Potions
 g - 2 potions of might
 i - 4 potions of mutation {unknown}
 l - 2 potions of curing
 u - a potion of haste
 B - 2 potions of attraction {unknown}


   Skills:
 + Level 5.2 Fighting
 + Level 8.7 Long Blades
 + Level 7.4 Armour
 + Level 3.0 Dodging
 + Level 0.7 Stealth
 + Level 5.5 Shields


You had 7 spell levels left.
You didn't know any spells.
Your spell library was empty.

Dungeon Overview and Level Annotations

Branches:
Dungeon (6/15)             Temple (1/1) D:4

Altars:
Dithmenos
Elyvilon
Fedhas
Gozag
Hepliaklqana
Kikubaaqudgha
Okawaru
Qazlal
Trog
Vehumet
Xom
Yredelemnul
The Shining One

Shops:
D:3 [?*   D:5 *

Annotations:
D:4 3 runed translucent doors, Tali's ghost, amateur DsBe


Innate Abilities, Weirdness & Mutations

You have a pair of horns on your head.
You reflexively headbutt those who attack you in melee.


Message History

You feel drained.
Your life force feels restored.
Found a robe.
You block the wight's attack. The wight closely misses you.
You slash the wight! You headbutt the wight.
The wight is almost destroyed.
The wight barely misses you. You block the wight's attack.
The wight hits you with a +0 war axe! The wight hits you with a +0 halberd!
You slice the wight!!
You destroy the wight!
The wight closely misses you. You furiously retaliate!
You headbutt the wight. The wight hits you with a +0 halberd!
* * * LOW HITPOINT WARNING * * *
Things that are here:
a +0 war axe; a +0 leather armour; 11 gold pieces The wight closely misses you.
Unknown command.
You barely miss the wight.
The wight is moderately damaged.
The wight hits you with a +0 halberd!
* * * LOW HITPOINT WARNING * * *
You feel drained.
* * * LOW HITPOINT WARNING * * *
The wight barely misses you.
You barely miss the wight.
The wight is moderately damaged.
The wight hits you with a +0 halberd!
* * * LOW HITPOINT WARNING * * *
Unknown command.
You feel better. You block the wight's attack.
Unknown command.
You hit the wight.
The wight is heavily damaged.
The wight hits you with a +0 halberd.
* * * LOW HITPOINT WARNING * * *
The wight hits you but does no damage.
Unknown command.
You barely miss the wight. You headbutt the wight!
The wight is almost destroyed.
The wight barely misses you. The wight hits you with a +0 halberd!
You die...

######## #......#
#......# #......# ####
#......# #... ##@..[..#
#... +.)z....# #...
##.########## #... ###)#
#...# #...
..+##.).######...####...
........)....'.........>
....#.########...#####..
... #. #...# #.. .. #.
#...# #..


You could see a wight.

Vanquished Creatures
  A water moccasin (D:5)
  2 ice beasts
  An ogre (D:5)
  A phantom (D:3)
  4 wights (D:6)
  A howler monkey (D:5)
  3 hounds
  2 jellies
  5 orc priests
  Natasha (thrice) (D:3)
  4 orc wizards
  4 iguanas
  5 adders
  2 white imps (D:5)
  2 ufetubi
  A worm (D:2)
  A dart slug (D:3)
  21 orcs
  4 endoplasms
  3 giant cockroaches
  12 goblins
  8 hobgoblins
  5 jackals
  10 quokkas
  5 ball pythons
  7 bats
  5 frilled lizards
  8 kobolds
  9 rats
139 creatures vanquished.

Notes
Turn   | Place    | Note
-------+----------+-------------------------------------------
     0 | D:1      | Peloso the Minotaur Fighter began the quest for the Orb.
     0 | D:1      | Reached XP level 1. HP: 19/19 MP: 0/0
   119 | D:1      | Reached XP level 2. HP: 27/27 MP: 1/1
   823 | D:1      | Identified 2 scrolls of acquirement
   823 | D:1      | Acquired the +3 double sword of Ziacas {heavy, rPois}
   878 | D:2      | Reached XP level 3. HP: 30/33 MP: 2/2
   974 | D:2      | Identified the orb "Xudapn" {guile, Contam Fly rPois}
  1145 | D:2      | Found a basalt altar of Yredelemnul.
  1391 | D:2      | Reached skill level 3 in Long Blades
  1642 | D:3      | Reached skill level 1 in Dodging
  1704 | D:3      | Reached XP level 4. HP: 31/40 MP: 3/3
  1738 | D:3      | Noticed Natasha
  1742 | D:3      | Killed Natasha
  1820 | D:3      | Found Yfaweirgh's Armour Shop.
  1826 | D:3      | Reached skill level 5 in Armour
  1826 | D:3      | Reached XP level 5. HP: 26/46 MP: 4/4
  2118 | D:3      | Found Notuf's General Store.
  2121 | D:3      | Found Pawidghu's Magic Scroll Shoppe.
  2127 | D:3      | Bought a scroll of identify for 20 gold pieces
  2130 | D:3      | Bought a scroll of noise for 10 gold pieces
  2144 | D:3      | Found a stormy altar of Qazlal.
  2144 | D:3      | Noticed Natasha
  2148 | D:3      | Killed Natasha
  2231 | D:3      | Reached skill level 4 in Long Blades
  2358 | D:3      | Noticed Natasha
  2363 | D:3      | Killed Natasha
  2364 | D:3      | Reached XP level 6. HP: 51/53 MP: 5/5
  2460 | D:3      | Reached skill level 5 in Long Blades
  2886 | D:4      | Noticed Tali's ghost (amateur DsBe)
  2890 | D:4      | Found a runed translucent gate.
  2890 | D:4      | Found a runed translucent gate.
  2890 | D:4      | Found a runed translucent gate.
  2894 | D:4      | You fall into a shaft and drop 1 floor!
  2894 | D:5      | Entered Level 5 of the Dungeon
  2895 | D:5      | Found Kystohe's Elemental Accessories.
  2951 | D:5      | Found an iron altar of Okawaru.
  3003 | D:5      | Noticed an ice beast
  3012 | D:5      | Killed an ice beast
  3013 | D:5      | Reached skill level 6 in Long Blades
  3013 | D:5      | Reached XP level 7. HP: 44/60 MP: 6/6
  3523 | D:5      | Reached skill level 7 in Long Blades
  3545 | D:5      | Found an opulent altar of Gozag.
  3613 | D:5      | Found a bloodstained altar of Trog.
  3861 | D:4      | Found a staircase to the Ecumenical Temple.
  3876 | Temple   | Entered the Ecumenical Temple
  4117 | D:4      | Reached skill level 5 in Fighting
  4515 | D:6      | Reached skill level 5 in Shields
  4515 | D:6      | Reached XP level 8. HP: 67/68 MP: 7/7
  4693 | D:6      | Reached skill level 8 in Long Blades
  4748 | D:6      | HP: 1/66 [wight/+0 halberd (10)]
  4751 | D:6      | Mangled by a wight

Illustrated notes

Levels and vault maps discovered:
D:1:      tarquinn_simple_flora_water_d, layout_basic, minmay_tetromino_o4
D:2:      layout_loops_corners, basic_altar
D:3:      minmay_razor_zed, layout_loops_ring, mainiacjoe_overflow_tiny_flanked,
          serial_shops, shop, nicolae_shop_statue_plus, shop, uniq_natasha
D:4:      layout_loops_ring, minmay_temple_entry_statues_fountains,
          gammafunk_ghost_split, chequers_serial_rivers_micro_c
D:5:      layout_gridville, trog_butcher_becter, general_overflow_altar,
          lemuel_crystal_altar, hangedman_decor_push, nicolae_elemental_shop
D:6:      hellmonk_destroyed_diamonds, layout_basic,
          gammafunk_temple_overflow_statue, grunt_tough_drop
Temple:   nicolae_temple_colour_theory

Skill      XL: |  1  2  3  4  5  6  7  8 |
---------------+-------------------------+-----
Fighting       | 4 5 |  5.2
Shields        | 4 5 |  5.5
Armour         | 4 5 6 7 |  7.4
Long Blades    | 3 4 6 7 8 |  8.7
Dodging        | 1 2 3 |  3.0
Stealth        | |  0.7

Action                     |  1- 3 |  4- 6 |  7- 9 || total
---------------------------+-------+-------+-------++-------
  Melee: Long sword        |    52 |       |       ||    52
         Headbutt          |     7 |     9 |    10 ||    26
         Double sword      |    28 |   105 |    87 ||   220
    Use: Scroll            |     2 |     1 |       ||     3
         Potion            |     2 |       |     1 ||     3
 Armour: Scale mail        |    46 |       |       ||    46
         Chain mail        |     1 |    90 |    44 ||   135
  Dodge: Dodged            |    44 |    56 |    52 ||   152
  Block: Buckler           |    25 |    35 |    34 ||    94
